 Dungeon Crawl Stone Soup version 0.18.1-48-g4cf74bf (webtiles) character file.

2174 Gadfly the Shield-Bearer (level 9, -5/75 HPs)
             Began as a Hill Orc Fighter on July 14, 2016.
             Was a Follower of Beogh.
             Slain by an orc warrior
             ... wielding a +0 war axe
              (23 damage)
             ... on level 7 of the Dungeon.
             The game lasted 00:24:51 (7932 turns).

Gadfly the Shield-Bearer (Hill Orc Fighter)         Turns: 7932, Time: 00:24:53

Health: -5/75      AC: 11    Str: 24    XL:     9   Next: 32%
Magic:  18/18      EV: 12    Int:  8    God:    Beogh [*.....]
Gold:   218        SH: 11    Dex: 11    Spells: 0 memorised, 8 levels left

rFire  . . .     SeeInvis .     F - +0 hand axe (elec)
rCold  . . .     Gourm    .     u - +0 steam dragon armour
rNeg   . . .     Faith    .     c - +0 shield
rPois  +         Spirit   .     q - +0 helmet
rElec  .         Dismiss  .     t - +0 cloak
rCorr  .         Reflect  .     i - +1 pair of gloves
SustAt .         Harm     .     (no boots)
MR     .....                    (no amulet)
Stlth  +.........               (no ring)
                                E - ring of magical power

@: mighty, not resistant to hostile enchantments, very unstealthy
A: clumsy 1, poison resistance
a: Renounce Religion


You were on level 7 of the Dungeon.
You worshipped Beogh.
Beogh was aware of your devotion.
You were not hungry.

You visited 2 branches of the dungeon, and saw 10 of its levels.
You also visited: Sewer.

You collected 218 gold pieces.

Inventory:

Hand Weapons
 a - a +0 war axe
 F - a +0 hand axe of electrocution (weapon)
Missiles
 g - 260 stones (quivered)
 n - 5 tomahawks
 x - 3 steel tomahawks
Armour
 c - a +0 shield (worn)
 i - a +1 pair of gloves (worn)
 q - a +0 helmet (worn)
 t - a +0 cloak (worn)
 u - a +0 steam dragon armour (worn)
Jewellery
 E - a ring of magical power (left hand)
Wands
 v - a wand of random effects (25/48)
 B - a wand of flame (8/48)
Scrolls
 e - 4 scrolls of enchant armour
 h - 5 scrolls of remove curse
 k - 2 scrolls of identify
 l - 2 scrolls of magic mapping
 y - 3 scrolls of teleportation
 A - a scroll of amnesia
 C - a scroll of blinking
 D - a scroll of fog
Potions
 o - 2 potions of flight
 r - 2 potions of brilliance
 s - 3 potions of curing
 z - 2 potions of heal wounds
Comestibles
 b - a royal jelly
 f - 3 bread rations
 j - 7 meat rations
 m - 3 fruits


   Skills:
 + Level 6.2 Fighting
 + Level 6.4 Axes
 * Level 4.7 Throwing
 + Level 4.9 Armour
 + Level 4.7 Dodging
 + Level 6.7 Shields
 + Level 0.6 Evocations


You had 8 spell levels left.
You didn't know any spells.

Dungeon Overview and Level Annotations

Branches:
Dungeon (9/15)             Temple (1/1) D:4            Lair (0/8) D:9
    Orc: D:9-12

Altars:
Ashenzari
Cheibriados
Dithmenos
Elyvilon
Fedhas
Gozag
Kikubaaqudgha
Makhleb
Nemelex Xobeh
Okawaru
Pakellas
Qazlal
Ru
Sif Muna
Trog
Vehumet
Yredelemnul
Zin

Shops:
D:4 [

Annotations:
D:8 Maurice


Innate Abilities, Weirdness & Mutations

You are clumsy. (Dex -2)
Your system is resistant to poisons.


Message History

The orc priest mumbles some strange prayers to Beogh against you.
Beogh smites you!
* * * LOW HITPOINT WARNING * * *
You block the ice beast's attack.
You slash the ice beast!
You kill the ice beast!
Beogh accepts your kill.
You hit the scorpion.
The scorpion is moderately wounded.
You closely miss the orc warrior. You block the orc warrior's attack.
The orc priest casts a cantrip, but nothing happens.
The scorpion stings you.
* * * LOW HITPOINT WARNING * * *
You hit the scorpion.
There is a sudden explosion of sparks!
You kill the scorpion!
Beogh accepts your kill.
You hit the orc warrior but do no damage.
The orc warrior hits you with a war axe!!
You die...
Beogh appreciates the orc warrior's killing of a heretic priest.

###.##### #.# ##.#
#.#### ##..### #.##.##
......#######.#...####
...^...[.............+
#........####...oo##
##.##.##.# ####o##
#....##.# #o#
#.##.##.# #@#
#.##.##.# #)# ..
..##.# #.# .....# #.#
#.#### #.# #.# ... .#.
. .


You could see an orc warrior, an orc priest and 2 orcs.

Vanquished Creatures
  A steam dragon (D:7)
  A hippogriff (D:8)
  An ice beast (D:7)
  2 phantoms
  2 ogres (D:4)
  2 centaurs (D:6)
  A giant frog (D:9)
  4 scorpions
  3 crimson imps
  A giant frog zombie (D:6)
  A gnoll shaman (D:4)
  A hound (D:7)
  3 orc priests (D:7)
  A centaur skeleton (D:5)
  2 iguanas
  Terence (D:2)
  6 worker ants
  2 orc wizards
  A hound zombie (D:5)
  3 worker ant zombies (D:5)
  4 gnolls
  17 adders
  5 river rats (Sewer)
  A shadow imp (D:9)
  An ooze (D:2)
  2 adder skeletons
  A worm (D:4)
  A dart slug (D:2)
  9 giant geckos
  24 orcs
  17 bats
  6 giant cockroaches
  12 goblins
  6 hobgoblins
  8 jackals
  3 quokkas
  6 ball pythons
  A ball python skeleton (D:5)
  A giant gecko zombie (D:6)
  8 giant newts
  A jackal skeleton (D:6)
  10 kobolds
  A quokka skeleton (D:5)
  A quokka zombie (D:5)
  12 rats
197 creatures vanquished.

Vanquished Creatures (others)
  A giant frog (D:9)
  A hound (D:9)
  An orc wizard (D:9)
  An orc priest (D:9)
  A hound zombie (D:9)
  An adder (D:9)
6 creatures vanquished.

Grand Total: 203 creatures vanquished

Notes
Turn   | Place    | Note
--------------------------------------------------------------
     0 | D:1      | Gadfly the Hill Orc Fighter began the quest for the Orb.
     0 | D:1      | Reached XP level 1. HP: 19/19 MP: 1/1
   117 | D:1      | Reached XP level 2. HP: 23/27 MP: 2/2
   860 | D:2      | Noticed Terence
   870 | D:2      | Killed Terence
   870 | D:2      | Reached skill level 1 in Throwing
   870 | D:2      | Reached XP level 3. HP: 24/33 MP: 3/3
   917 | D:2      | Reached XP level 4. HP: 35/40 MP: 4/4
  1070 | D:2      | Reached skill level 1 in Dodging
  1382 | D:2      | Reached XP level 5. HP: 12/46 MP: 5/5
  2144 | D:3      | Found a deep blue altar of Sif Muna.
  2169 | D:3      | Found a shattered altar of Ashenzari.
  2301 | D:3      | Found an oddly glowing altar of Pakellas.
  2654 | D:3      | Found a basalt altar of Yredelemnul.
  2815 | D:3      | Reached XP level 6. HP: 38/53 MP: 6/6
  3563 | D:4      | Found a staircase to the Ecumenical Temple.
  3573 | Temple   | Entered the Ecumenical Temple
  3580 | Temple   | Became a worshipper of Ru the Awakened
  3678 | D:4      | Reached XP level 7. HP: 49/60 MP: 7/7
  3713 | D:4      | Found Toeck's Antique Armour Shop.
  3744 | D:4      | Gained mutation: Your system is resistant to poisons. [potion of beneficial mutation]
  3745 | D:4      | HP: 1/60 [gnoll/halberd (5)]
  4488 | D:4      | Reached skill level 5 in Shields
  4741 | D:4      | Reached skill level 5 in Fighting
  5063 | D:5      | Entered Level 5 of the Dungeon
  5114 | D:5      | Reached skill level 5 in Axes
  5114 | D:5      | Reached XP level 8. HP: 43/68 MP: 8/8
  5565 | D:5      | Gained mutation: You are clumsy. (Dex -2) [Ru sacrifice]
  5589 | D:5      | You fall through a shaft for 3 floors!
  5593 | D:8      | Found a bloodstained altar of Trog.
  5611 | D:9      | Found a staircase to the Lair.
  5676 | D:9      | Fell from the grace of Ru
  5676 | D:9      | Became a worshipper of Beogh the Brigand
  5834 | D:8      | Noticed a yak
  5835 | D:8      | Noticed a yak
  5836 | D:8      | Noticed Maurice
  5839 | D:8      | Noticed a yak
  5920 | D:6      | Found a glowing drain.
  5940 | Sewer    | Entered a sewer
  6109 | Sewer    | Reached * piety under Beogh
  7214 | D:6      | Reached XP level 9. HP: 74/75 MP: 9/9
  7336 | D:6      | Found an iron altar of Okawaru.
  7446 | D:6      | Found a radiant altar of Vehumet.
  7932 | D:7      | Slain by an orc warrior

Skill      XL: |  1  2  3  4  5  6  7  8 |
---------------+-------------------------+-----
Fighting       | 4 5 6 |  6.2
Axes           | 3 4 5 6 |  6.4
Throwing       | 1 2 3 4 |  4.7
Dodging        | 1 2 3 4 |  4.7
Shields        | 4 5 6 |  6.7
Armour         | 4 |  4.9
Evocations     | |  0.6

Action                   |  1- 3 |  4- 6 |  7- 9 || total
-------------------------+-------+-------+-------++-------
Melee: War axe           |    57 |   245 |   451 ||   753
       Hand axe          |       |       |    36 ||    36
Throw: Stone             |     1 |       |     2 ||     3
       Tomahawk          |       |     1 |       ||     1
Invok: Sacrifice Purity  |       |       |     1 ||     1
       Convert to Beogh  |       |       |     1 ||     1
Evoke: Wand              |       |       |     5 ||     5
  Use: Scroll            |       |     8 |     7 ||    15
       Potion            |       |       |     8 ||     8
  Eat: Chunk             |       |     9 |    15 ||    24
Armor: Scale mail        |    35 |    76 |       ||   111
       Chain mail        |       |    44 |       ||    44
       Leather armour    |       |    11 |   175 ||   186
       Steam dragon armo |       |       |     6 ||     6
Dodge: Dodged            |    29 |    96 |   217 ||   342
Block: Shield            |    38 |   143 |   269 ||   450
